 Dungeon Crawl Stone Soup version 0.28-a0-1286-g6bde065e89 (webtiles) character file.

Game seed: 14058104718831420490

60 Adrian566 the Skirmisher (level 4, -9/31 HPs)
             Began as an Octopode Fighter on Dec 27, 2021.
             Mangled by an ogre (23 damage)
             ... on level 3 of the Dungeon.
             The game lasted 00:02:50 (1737 turns).

Adrian566 the Skirmisher (Octopode Fighter)         Turns: 1737, Time: 00:02:50

Health: -9/31      AC:  1    Str: 21    XL:     4   Next: 4%
Magic:  4/4        EV: 14    Int: 10    God:
Gold:   23         SH:  5    Dex: 13    Spells: 3/3 levels left

rFire   . . .      SeeInvis .   j - +0 short sword
rCold   . . .      Faith    .   b - +0 buckler
rNeg    . . .      Spirit   .   (helmet restricted)
rPois   .          Reflect  .   f - amulet of the acrobat
rElec   .          Harm     .   d - +6 ring of strength
rCorr   .          Rampage  .   e - ring of willpower
Will    +....                   (no ring)
Stlth   +++.......              (no ring)
HPRegen 0.10/turn               (no ring)
MPRegen 0.09/turn               (no ring)
                                (no ring)
                                (no ring)

@: no status effects
A: almost no armour, amphibious, 8 rings, camouflage 1, gelatinous body 1,
(nimble swimmer 1), tentacles
a: no special abilities


You were on level 3 of the Dungeon.
You visited 1 branch of the dungeon, and saw 3 of its levels.

You collected 23 gold pieces.

Inventory:

Hand Weapons
 a - a +0 long sword
 j - a +0 short sword (weapon)
Armour
 b - a +0 buckler (worn)
Jewellery
 d - a +6 ring of strength (left tentacle)
 e - a ring of willpower (right tentacle)
 f - an amulet of the acrobat (around mantle)
 g - a ring of magical power
Potions
 c - 2 potions of might
 h - 2 potions of cancellation


   Skills:
 + Level 3.5 Fighting
 + Level 2.4 Long Blades
 + Level 3.4 Dodging
 + Level 1.3 Stealth
 + Level 3.4 Shields


You had 3 spell levels left.
You didn't know any spells.
Your spell library contained the following spells:

 Spells                   Type           Power      Damage    Failure   Level
 Conjure Flame            Conj/Fire      0%         6-21      77%         3
 Ignite Poison            Fire/Tmut/Pois 0%         N/A       77%         3
 Sticky Flame             Conj/Fire      0%         2d3       99%         4


Dungeon Overview and Level Annotations

Branches:
Dungeon (2/15)

Altars:
Cheibriados
Dithmenos
Zin


Innate Abilities, Weirdness & Mutations

You cannot wear most types of armour.
You are amphibious.
You can wear up to eight rings at the same time.
Your skin changes colour to match your surroundings (Stealth+).
Your rubbery body absorbs attacks. (AC +1, EV +1)
((You are camouflaged when in or above water. (Stealth+)))
You have tentacles for arms and can constrict up to eight enemies at once.


Message History

You are too injured to fight recklessly!
You are too injured to fight recklessly!
You are too injured to fight recklessly!
You are too injured to fight recklessly!
You are too injured to fight recklessly!
You are too injured to fight recklessly!
You are too injured to fight recklessly!
You are too injured to fight recklessly!
You are too injured to fight recklessly!
You are too injured to fight recklessly!
You are too injured to fight recklessly!
You are too injured to fight recklessly!
You are too injured to fight recklessly!
You are too injured to fight recklessly!
You are too injured to fight recklessly!
You are too injured to fight recklessly!
You are too injured to fight recklessly!
Unknown command.
You see here a +0 ring mail.
You see here a hobgoblin skeleton.
You hit the ogre. You squeeze the ogre!
The ogre is severely wounded.
The ogre barely misses you.
You hit the ogre.
The ogre is severely wounded.
The ogre hits you with a +0 giant club.
Found a scroll of identify.
Found a scroll of immolation.
You hit the ogre but do no damage.
The ogre is severely wounded.
The ogre barely misses you.
You hit the ogre. Your squeeze misses the ogre.
The ogre is severely wounded.
The ogre barely misses you. The ogre completely misses you.
You hit the ogre.
The ogre is almost dead.
The ogre hits you with a +0 giant club!!
Ouch! That really hurt!
You die...

#.. ?.# #.##########.# #.#
#.# #.......(..#.# ##.# #.#
#.########.#.# ##.# #.# #.#
#...# ##.# #?# #.# #..##
##.#####.### #.# #..#
...........# #.# ####..###
##.##..###.########.#
#........ #.##..#
#.....O@...# #.##.####
#.###.###.########>#####.##.#
#...>.....#####.............#
####.##.##.........#####.#..#
#.##.##.####†##.####.....#
#.##....# #.##.÷........#
#.####### #.##.####....## #.#
#.##.# ##.#.# #.# #.##.#
#.#.#


You could see an ogre.

Vanquished Creatures
  A mummy (D:3)
  A gnoll (D:1)
  An adder (D:3)
  A worm (D:3)
  An orc (D:3)
  2 ball pythons
  4 bats
  2 endoplasms (D:1)
  2 giant cockroaches
  A goblin (D:1)
  2 hobgoblins
  A quokka (D:1)
  3 frilled lizards
  2 rats (D:1)
24 creatures vanquished.

Notes
Turn   | Place    | Note
-------+----------+-------------------------------------------
     0 | D:1      | Adrian566 the Octopode Fighter began the quest for the Orb.
     0 | D:1      | Reached XP level 1. HP: 16/16 MP: 1/1
    47 | D:1      | Reached XP level 2. HP: 21/21 MP: 2/2
   653 | D:1      | Reached XP level 3. HP: 26/26 MP: 3/3
  1137 | D:2      | You fall into a shaft and drop 1 floor!
  1462 | D:3      | Found a glowing silver altar of Zin.
  1462 | D:3      | Found a shadowy altar of Dithmenos.
  1480 | D:3      | Found a snail-covered altar of Cheibriados.
  1487 | D:3      | Reached skill level 1 in Stealth
  1487 | D:3      | Reached XP level 4. HP: 21/31 MP: 4/4
  1647 | D:3      | Noticed an ogre
  1737 | D:3      | Mangled by an ogre

Illustrated notes

Levels and vault maps discovered:
D:1:      roderic_crop_circles_arrival_small, layout_basic
D:2:      layout_loops_ring, serial_shops, nicolae_lakefront_shop,
          minmay_hexomino_u4, uniq_robin, uniq_sigmund
D:3:      layout_loops_ring, slow_altar_1, mainiacjoe_overflow_large_starburst

Skill      XL: |  1  2  3 |
---------------+----------+-----
Stealth        | 1 |  1.3
Fighting       | |  3.5
Long Blades    | |  2.4
Dodging        | |  3.4
Shields        | |  3.4

Action                   |  1- 3 |  4- 6 || total
-------------------------+-------+-------++-------
Melee: Long sword        |    46 |       ||    46
       Constrict         |     9 |     1 ||    10
       Tentacles         |    12 |     3 ||    15
       Short sword       |       |     8 ||     8
  Use: Scroll            |     4 |     1 ||     5
       Potion            |     1 |     1 ||     2
 Stab: Sleeping          |     5 |     1 ||     6
Armor: Skin              |     3 |       ||     3
Dodge: Dodged            |    16 |     7 ||    23
Block: Buckler           |     7 |       ||     7

Table legend: (Time is in decaauts)
 A = Elapsed time spent in this place.
 B = Non-inter-level travel time spent in this place.
 C = Inter-level travel time spent in this place.
 D = Time resting spent in this place.
 E = Time spent auto-exploring this place.
 F = Levels seen in this place.
 G = Mean time per level.
                   A        B        C        D        E       F      G
               +--------+--------+--------+--------+--------+-----+--------+
         Total |   1730 |   1630 |    100 |      0 |   1326 |   3 |  576.7 |
       Dungeon |   1730 |   1630 |    100 |      0 |   1326 |   3 |  576.7 |
               +--------+--------+--------+--------+--------+-----+--------+

Top non-repeatable levels by time:
     D:1: 1125 daAuts
     D:3: 604 daAuts
